 Dungeon Crawl Stone Soup version 0.19-a0-462-g6140235 (webtiles) character file.

133 MenacingMecha the Ruffian (level 4, -2/44 HPs)
             Began as a Troll Monk on June 3, 2016.
             Slain by Grinder (4 damage)
             ... on level 3 of the Dungeon.
             The game lasted 00:17:27 (2048 turns).

MenacingMecha the Ruffian (Troll Monk)              Turns: 2048, Time: 00:17:27

Health: -2/44      AC:  6    Str: 19    XL:     4   Next: 93%
Magic:  3/3        EV: 10    Int:  6    God:
Gold:   105        SH:  0    Dex: 13    Spells: 0 memorised, 3 levels left

rFire  + . .     SeeInvis .       - Unarmed
rCold  . . .     Gourm    +     a - +0 robe
rNeg   . . .     Faith    .     (no shield)
rPois  .         Spirit   .     (helmet restricted)
rElec  .         Dismiss  .     s - +0 cloak
rCorr  .         Reflect  .     (gloves unavailable)
SustAt .         Harm     .     (boots unavailable)
MR     .....                    y - amulet of regeneration {+regen, !d}
Stlth  +++.......               t - ring of protection from fire {rF+}
                                m - ring of stealth {Stlth+}

@: not resistant to hostile enchantments, fairly stealthy
A: unfitting armour, claws 3, fast metabolism 3, gourmand, regeneration 2,
shaggy fur 1, tough skin 2
a: no special abilities


You were on level 3 of the Dungeon.
You were very full.

You visited 1 branch of the dungeon, and saw 3 of its levels.

You collected 105 gold pieces.

Inventory:

Armour
 a - a +0 robe (worn)
 s - a +0 cloak (worn)
   (You took it off Crazy Yiuf on level 2 of the Dungeon)
Jewellery
 m - a ring of stealth (left claw) {Stlth+}
   (You found it on level 1 of the Dungeon)
 t - a ring of protection from fire (right claw) {rF+}
   (You found it on level 2 of the Dungeon)
 y - an amulet of regeneration (around neck) {+regen, !d}
   (You took it off a goblin on level 3 of the Dungeon)
Scrolls
 d - a scroll of magic mapping {unknown}
 f - a scroll of teleportation {unknown}
 g - 2 scrolls of recharging {unknown}
 h - a scroll of enchant weapon {unknown}
 i - a scroll of immolation {unknown}
 k - a scroll of fear {unknown}
 o - a scroll of amnesia {unknown}
 u - a scroll of remove curse {unknown}
 v - a scroll of fog {unknown}
Potions
 c - a potion of cure mutation {unknown}
 e - a potion of cancellation {unknown}
 j - a potion of agility {unknown}
 l - a potion of heal wounds {unknown}
 n - a potion of brilliance {unknown}
 q - 2 potions of lignification {unknown}
 r - a potion of curing {unknown}
 x - a potion of haste {unknown}
Comestibles
 b - 3 bread rations
 p - 3 fruits
 w - 7 chunks of flesh


   Skills:
 - Level 2.6 Fighting
 - Level 2.5 Dodging
 - Level 1.3 Stealth
 + Level 6.0 Unarmed Combat


You had 3 spell levels left.
You didn't know any spells.

Dungeon Overview and Level Annotations

Branches:
Dungeon (3/15)

Altars:
Kikubaaqudgha
Pakellas

Annotations:
D:3 Grinder, Purgy


Innate Abilities, Weirdness & Mutations

You are too large for most types of armour.
You have claws for hands.
Your metabolism is lightning-fast.
You like to eat raw meat.
You heal very quickly.
You are covered in fur. (AC +1)
You have very tough skin. (AC +2)


Message History

There is an open door here.
A bat comes into view.
The bat moves out of view.
A bat comes into view.
The bat hits you but does no damage. The bat closely misses you.
You scratch the bat.
You kill the bat!
You see here a bat corpse.
You butcher the bat corpse.
w - 10 chunks of flesh (gained 1)
The bat closely misses you.
You claw the bat!
You kill the bat!
Some of the chunks of flesh in your inventory have rotted away.
You see here a bat corpse.
You butcher the bat corpse.
w - 9 chunks of flesh (gained 1)
You see here a bat skeleton.
Eating one of 9 chunks of flesh.
This raw flesh tastes great.
You continue eating. x2
You open the door.
A goblin comes into view.
There is an open door here.
The goblin shouts!
The goblin completely misses you.
You scratch the goblin.
You kill the goblin!
Your Unarmed Combat skill increases to level 6!
You swing at nothing.
You swing at nothing.
You swing at nothing.
Some of the chunks of flesh in your inventory have rotted away.
A goblin opens the door.
You closely miss the goblin.
The goblin shouts!
The goblin hits you but does no damage.
You miss the goblin. The goblin barely misses you.
You miss the goblin. The goblin hits you but does no damage.
You barely miss the goblin. The goblin hits you with a dagger.
You barely miss the goblin. Your claw misses the goblin.
The goblin hits you but does no damage.
You claw the goblin!
You kill the goblin!
y - a dented fluorescent amulet
There is an open door, spattered with blood here.
Things that are here:
a dagger; a goblin corpse You butcher the goblin corpse.
w - 10 chunks of flesh (gained 3)
There is an open door, spattered with blood here.
You see here a dagger.
Some of the chunks of flesh in your inventory have rotted away.
Unknown command.
Put on which piece of jewellery? (? for menu, Esc to quit)
You don't have any such object.
Put on which piece of jewellery? (? for menu, Esc to quit)
You don't have any such object.
Put on which piece of jewellery? (? for menu, Esc to quit)
The amulet throbs as it attunes itself to your uninjured body.
y - an amulet of regeneration (around neck) Put on which piece of jewellery? (? for menu, Esc to quit)
t - a ring of protection from fire (right claw) Marking area around Grinder as unsafe for travelling.
Grinder comes into view.
Grinder shouts!
A goblin comes into view. It is wielding a dagger.
Grinder gestures at you.
You barely resist. Grinder hits you.
You writhe in agony.
You closely miss Grinder. Grinder hits you.
You writhe in agony.
You barely miss Grinder. Grinder hits you but does no damage.
You closely miss Grinder. You claw Grinder!
Grinder is moderately wounded.
Grinder gestures at you.
You suddenly lose the ability to move!
Grinder gestures at you.
You shrug off the repeated paralysis!
Grinder gestures at you. You resist with significant effort. Grinder hits you.
You writhe in agony.
Grinder hits you.
You writhe in agony.
Grinder gestures at you. Pain shoots through your body!
* * * LOW HITPOINT WARNING * * *
Grinder hits you.
* * * LOW HITPOINT WARNING * * *
You writhe in agony.
* * * LOW HITPOINT WARNING * * *
Grinder hits you but does no damage.
You can move again.
Unknown command.
Unknown command.
Unknown command.
You scratch Grinder.
Grinder is moderately wounded.
Grinder hits you.
* * * LOW HITPOINT WARNING * * *
You writhe in agony.
You die...

#.....#.# #........
######.#.########## #........
..................# #........
######.#.########.# #........
######.#.########.#########........
>.........................)........
.#####T#.########.#########........
#.#.########.#################
.................@........g........
####.#.......####5#################
#.#.......# #.# # #.......# #.#
#.......# #.# ##### #.......# #.#
#...# #.......# #.# #...# ### #.#
#...# #.. #.# #...# ##.


You could see Grinder.

Vanquished Creatures
  Crazy Yiuf (D:2)
  Terence (D:3)
  2 adders (D:3)
  An ooze (D:3)
  4 worms
  A dart slug (D:2)
  3 giant geckos
  A giant cockroach (D:2)
  5 goblins
  2 hobgoblins
  3 jackals (D:3)
  2 quokkas
  5 bats
  A giant gecko skeleton (D:3)
  A giant newt (D:2)
  5 kobolds
  4 rats
42 creatures vanquished.

Notes
Turn   | Place    | Note
--------------------------------------------------------------
     0 | D:1      | MenacingMecha the Troll Monk began the quest for the Orb.
     0 | D:1      | Reached XP level 1. HP: 22/22 MP: 0/0
   359 | D:2      | Reached XP level 2. HP: 29/29 MP: 1/1
   655 | D:2      | Noticed Crazy Yiuf
   717 | D:2      | HP: 5/29 [Crazy Yiuf/quarterstaff of chaos (14)]
   719 | D:2      | Killed Crazy Yiuf
   719 | D:2      | Reached XP level 3. HP: 6/36 MP: 0/2
   722 | D:2      | HP: 5/36 [poisoned by Crazy Yiuf]
   729 | D:2      | HP: 5/36 [poisoned by Crazy Yiuf]
   736 | D:2      | HP: 7/36 [poisoned by Crazy Yiuf]
   744 | D:2      | HP: 9/36 [poisoned by Crazy Yiuf]
   841 | D:2      | Found a faded altar of an unknown god.
   852 | D:2      | Reached skill level 5 in Unarmed Combat
  1309 | D:2      | Found an oddly glowing altar of Pakellas.
  1413 | D:3      | Reached XP level 4. HP: 44/44 MP: 3/3
  1432 | D:3      | Noticed Purgy
  1532 | D:3      | Found an ancient bone altar of Kikubaaqudgha.
  1790 | D:3      | Noticed Terence
  1806 | D:3      | Killed Terence
  1932 | D:3      | Reached skill level 6 in Unarmed Combat
  2028 | D:3      | Noticed Grinder
  2040 | D:3      | Paralysed by Grinder for 7 turns
  2046 | D:3      | HP: 10/44 [Grinder (4)]
  2048 | D:3      | HP: 2/44 [Grinder (5)]
  2048 | D:3      | Slain by Grinder

Vault maps used:
D:1:      erik_arrival_triangle_medium, minmay_misc_feat_four_crosses
D:2:      ecumenical_altar_2, grunt_pakellas_basics, uniq_crazy_yiuf_cottage
D:3:      lemuel_crystal_altar, uniq_grinder, uniq_terence, uniq_purgy

Skill      XL: |  1  2  3  4 |
---------------+-------------+-----
Unarmed Combat | 5 6 |  6.0
Fighting       | |  2.6
Dodging        | |  2.5
Stealth        | |  1.3

Action                   |  1- 3 |  4- 6 || total
-------------------------+-------+-------++-------
Melee: Unarmed           |    64 |    51 ||   115
       Punch             |     2 |       ||     2
 Stab: Sleeping          |     9 |     4 ||    13
  Eat: Chunk             |    17 |     6 ||    23
Armor: Robe              |    11 |    15 ||    26
Dodge: Dodged            |    22 |    14 ||    36

Vault maps used:
D:1:      erik_arrival_triangle_medium, minmay_misc_feat_four_crosses
D:2:      ecumenical_altar_2, grunt_pakellas_basics, uniq_crazy_yiuf_cottage
D:3:      lemuel_crystal_altar, uniq_grinder, uniq_terence, uniq_purgy

Table legend:
 A = Turns spent in this place as a percentage of turns spent in the entire game.
 B = Non-inter-level travel turns spent in this place as a percentage of non-inter-level travel turns spent in the entire game.
 C = Inter-level travel turns spent in this place as a percentage of turns spent in this place.
 D = Turns resting spent in this place as a percentage of non-inter-level travel turns spent in this place.
 E = Turns spent auto-exploring this place as a percentage of non-inter-level travel turns spent in this place.
 F = Non-inter-level travel turns spent in this place divided by the number of levels of this place that you've seen.
                   A       B       C       D       E      F
               +-------+-------+-------+-------+-------+----------------------
         Total | 100.0 | 100.0 |   0.5 |   1.9 |   5.0 | 277.3
       Dungeon | 100.0 | 100.0 |   0.5 |   1.9 |   5.0 | 277.3
               +-------+-------+-------+-------+-------+----------------------

Table legend:
 A = Kills in this place as a percentage of kills in entire the game.
 B = Kills by you in this place as a percentage of kills by you in the entire game.
 C = Kills by friends in this place as a percentage of kills by friends in the entire game.
 D = Other kills in this place as a percentage of other kills in the entire game.
 E = Experience gained in this place as a percentage of experience gained in the entire game.
 F = Experience gained in this place divided by the number of levels of this place that you have seen.
                   A       B       C       D       E      F
               +-------+-------+-------+-------+-------+----------------------
         Total | 100.0 | 100.0 |  -nan |  -nan | 100.0 |  63.3
       Dungeon | 100.0 | 100.0 |  -nan |  -nan | 100.0 |  63.3
               +-------+-------+-------+-------+-------+----------------------
